 Dungeon Sprint DCSS version 0.22.1-1-ga44c0e56f4 (webtiles) character file.

534 MuseOD the Covert (level 7, 0/36 HPs)
             Began as a Spriggan Enchanter on Sept 21, 2018.
             Slain by a crimson imp (2 damage)
             ... summoned by a neqoxec
             ... in the Dungeon (Sprint II: "The Violet Keep of Menkaure").
             The game lasted 00:01:11 (244 turns).

MuseOD the Covert (Spriggan Enchanter)               Turns: 244, Time: 00:01:12

Health: 0/36       AC:  2    Str:  6      XL:     7   Next: 4%
Magic:  0/19       EV: 18    Int: 15 (19) God:
Gold:   486        SH:  0    Dex: 16      Spells: 15/21 levels left

rFire    . . .     SeeInvis +   a - +1 dagger
rCold    . . .     Gourm    .   (shield restricted)
rNeg     . . .     Faith    .   b - +0 robe
rPois    .         Spirit   .   (helmet restricted)
rElec    .         Reflect  .   (no cloak)
rCorr    .         Harm     .   (gloves unavailable)
MR       +....     Rnd*Rage +   (boots unavailable) Stlth +++++.....NoTele +
                                (no amulet)
HPRegen  0.12/turn              (no ring)
MPRegen  0.16/turn              (no ring)

@: very quick
A: very small, unfitting armour, see invisible, berserk 1, deterioration 1,
herbivore, speed 3, slow metabolism 2, strong 1
a: no special abilities


You were in the Dungeon.
You were not hungry.

You visited 1 branch You collected 486 gold pieces.

Inventory:

Hand Weapons
 a - a +1 dagger (weapon)
Armour
 b - a +0 robe (worn)
Scrolls
 j - a scroll of blinking
Potions
 f - a potion of heal wounds
 g - a potion of haste
 h - a potion of magic
Comestibles
 d - a ration


   Skills:
 - Level 3.3 Fighting
 + Level 9.6 Short Blades
 - Level 3.0 Dodging
 + Level 12.2 Stealth
 + Level 7.8 Spellcasting
 + Level 8.3 Hexes


You had 15 spell levels left.
You knew the following spells:

 Your Spells              Type           Power        Failure   Level  Hunger
a - Corona                Hex            ####...      1%          1    None
b - Ensorcelled Hibernat  Hex/Ice        ###...       3%          2    None
c - Confuse               Hex            ####....     1%          3    ##.....

Your spell library contained the following spells:

 Spells                   Type           Power        Failure   Level  Hunger
 Tukima's Dance           Hex            ####....     1%          3    ##.....
 Dazzling Spray           Conj/Hex       ###...       7%          3    ##.....


Dungeon Overview and Level Annotations

Branches:
Dungeon (1/1)

Altars:


Innate Abilities, Weirdness & Mutations

You are very small and have problems with some larger weapons.
You are too small for most types of armour.
You have supernaturally acute eyesight. (SInv)
You are a herbivore.
You cover ground extremely quickly.
You need to consume almost no food.
You tend to lose your temper in combat.
Your body sometimes deteriorates upon taking damage.
Your muscles are strong. (Str +2)


Message History

The neqoxec easily resists.
The neqoxec misses you.
The crimson imp hits you but does no damage.
The shadow imp closely misses you. The neqoxec completely misses you.
You hit the neqoxec but do no damage.
The neqoxec is moderately wounded.
The neqoxec closely misses you.
You hit the neqoxec but do no damage.
The neqoxec is moderately wounded.
The shadow imp hits you.
* * * LOW HITPOINT WARNING * * *
The crimson imp misses you. The neqoxec barely misses you.
You hit the neqoxec but do no damage.
The neqoxec is moderately wounded.
The neqoxec gestures at you.
Strange energies course through your body.
You feel a little pissed off.
You miss the neqoxec.
The neqoxec is moderately wounded.
The shadow imp barely misses you. The crimson imp hits you.
You die...

#+#
###.###
#..#..#
##†#.####
##+###†#
##5##.#
+.3@5##
##3##.#
#3###†#
#555# ##
#.##35#
## ###


You could see 3 neqoxecs, an iron imp, 2 crimson imps and a shadow imp.

Vanquished Creatures
  2 hippogriffs (D)
  A neqoxec (D)
  4 worker ants (D)
7 creatures vanquished.

Vanquished Creatures (others)
  A crocodile (D)
1 creature vanquished.

Grand Total: 8 creatures vanquished

Notes
Turn   | Place    | Note
-------+----------+-------------------------------------------
     0 | D        | MuseOD the Spriggan Enchanter began the quest for the Orb.
     0 | D        | Reached XP level 1. HP: 9/9 MP: 5/5
     1 | D        | Noticed a hippogriff
     1 | D        | Noticed a hippogriff
     4 | D        | Noticed a worker ant
     4 | D        | Noticed a worker ant
     4 | D        | Noticed a worker ant
     4 | D        | Noticed a worker ant
    10 | D        | Killed a worker ant
    10 | D        | Reached skill level 6 in Stealth
    10 | D        | Reached XP level 2. HP: 15/15 MP: 6/6
    17 | D        | Reached skill level 5 in Short Blades
    17 | D        | Reached skill level 7 in Stealth
    17 | D        | Reached XP level 3. HP: 17/19 MP: 8/8
    23 | D        | Reached XP level 4. HP: 21/24 MP: 9/9
    29 | D        | Reached skill level 8 in Stealth
    62 | D        | Killed a crocodile
    64 | D        | Learned a level 2 spell: Ensorcelled Hibernation
    68 | D        | Learned a level 3 spell: Confuse
   202 | D        | Killed a hippogriff
   202 | D        | Reached skill level 10 in Stealth
   202 | D        | Reached skill level 5 in Spellcasting
   202 | D        | Reached XP level 5. HP: 28/28 MP: 10/14
   206 | D        | Killed a hippogriff
   206 | D        | Reached skill level 11 in Stealth
   206 | D        | Reached XP level 6. HP: 32/32 MP: 11/17
   210 | D        | Noticed a neqoxec
   210 | D        | Noticed a neqoxec
   210 | D        | Noticed a neqoxec
   210 | D        | Noticed a neqoxec
   226 | D        | Killed a neqoxec
   226 | D        | Reached skill level 12 in Stealth
   226 | D        | Reached XP level 7. HP: 36/36 MP: 15/19
   233 | D        | Gained mutation: Your body sometimes deteriorates upon
                  | taking damage. [a neqoxec]
   234 | D        | Gained mutation: Your muscles are strong. (Str +2) [a
                  | neqoxec]
   243 | D        | Gained mutation: You tend to lose your temper in combat. [a
                  | neqoxec]
   244 | D        | Slain by a crimson imp

Skill      XL: |  1  2  3  4  5  6 |
---------------+-------------------+-----
Fighting       | 2 3 |  3.3
Short Blades   | 4 5 6 8 9 |  9.6
Stealth        | 6 7 10 11 12 | 12.2
Spellcasting   | 5 7 |  7.8
Hexes          | 6 7 8 |  8.3
Dodging        | |  3.0

Action                   |  1- 3 |  4- 6 |  7- 9 || total
-------------------------+-------+-------+-------++-------
Melee: Dagger            |    16 |    10 |    11 ||    37
 Cast: Confuse           |       |     5 |     5 ||    10
       Ensorcelled Hiber |       |       |     1 ||     1
  Use: Potion            |     1 |     2 |       ||     3
 Stab: Sleeping          |     1 |     2 |       ||     3
       Confused          |       |     1 |       ||     1
Armor: Robe              |     1 |       |     1 ||     2
Dodge: Dodged            |    19 |     2 |    25 ||    46
